 Dungeon Sprint DCSS version 0.24-a0-244-ga6a6ab7 (webtiles) character file.

Game seed: 13175560444974872285

49998 MikeHunt the Eclecticist (level 13, -3/115 (116) HPs)
             Began as a Black Draconian Conjurer on Apr 11, 2019.
             Was the Champion of Vehumet.
             Slain by an azure jelly (4 damage)
             ... in the Dungeon (Sprint III: "The Ten Rune Challenge").
             The game lasted 00:48:11 (6528 turns).

MikeHunt the Eclecticist (Black Draconian Conjurer) Turns: 6528, Time: 00:48:12

HP:   -3/115 (116)  AC: 13    Str: 11    XL:     13   Next: 56%
MP:   34/46         EV: 17    Int: 20    God:    Vehumet [******]
Gold: 86            SH:  0    Dex: 12    Spells: 5/52 levels left

rFire    . . .     SeeInvis .   d - +4 long sword (holy)
rCold    . . .     Gourm    .   (no shield)
rNeg     . . .     Faith    .   (armour unavailable)
rPois    +         Spirit   .   t - +1 hat
rElec    +         Reflect  .   l - +2 cloak {rPois}
rCorr    .         Harm     .   g - +0 pair of gloves
MR       .....     NoTele   +   (no boots)
Stlth    +++.......             w - amulet of magic regeneration
HPRegen  0.29/turn              q - ring of magical power
MPRegen  0.55/turn              v - ring of wizardry (curse)

@: tornado, flying (expiring), slowed, very slow
A: breathe lightning, unfitting armour, mutation resistance 1, electricity
resistance, cold-blooded, AC +8
}: 1/10 runes: decaying
a: Breathe Lightning, Renounce Religion


You were in the Dungeon.
You worshipped Vehumet.
Vehumet was exalted by your worship.
You were very hungry.

You visited 1 branch You collected 1245 gold pieces.
You spent 1159 gold pieces at shops.

Inventory:

Hand Weapons
 a - a +0 dagger
 c - a +0 blowgun
 d - a +4 long sword of holy wrath (weapon)
Missiles
 e - 5 javelins (quivered)
 r - 5 curare-tipped needles
Armour
 g - a +0 pair of gloves (worn)
 l - a +2 cloak of poison resistance (worn)
 t - a +1 hat (worn)
Jewellery
 q - a ring of magical power (left hand)
 v - a cursed ring of wizardry (right hand)
 w - an amulet of magic regeneration (around neck)
Wands
 y - a wand of enslavement (9)
Scrolls
 h - 2 scrolls of blinking
 k - a scroll of holy word {unknown}
 m - 5 scrolls of remove curse
 o - a scroll of torment {unknown}
Potions
 f - 2 potions of magic
 i - a potion of berserk rage
 j - 3 potions of mutation
 n - 4 potions of flight
 p - 2 potions of might
 s - a potion of brilliance
 u - a potion of lignification {unknown}
Comestibles
 b - 7 rations


   Skills:
 - Level 11.2 Fighting
 - Level 9.7 Dodging
 - Level 6.0 Stealth
 - Level 20.2 Spellcasting
 - Level 14.7 Conjurations
 - Level 3.0 Hexes
 - Level 5.4 Charms
 - Level 5.4 Fire Magic
 + Level 20.0 Air Magic


You had 5 spell levels left.
You knew the following spells:

 Your Spells              Type           Power        Failure   Level  Hunger
b - Fulminant Prism       Conj/Hex       ######....   1%          4    None
c - Dazzling Spray        Conj/Hex       ######       1%          3    None
d - Iskenderun's Mystic   Conj           ######..     1%          4    None
e - Magic Dart            Conj           ####         0%          1    None
f - Fireball              Conj/Fire      ######....   1%          5    None
g - Iskenderun's Battles  Conj/Chrm      ######..     1%          5    None
r - Searing Ray           Conj           ######       0%          2    None
t - Lightning Bolt        Conj/Air       ######....   1%          5    None
u - Tornado               Air            #######...   8%          9    #######
w - Static Discharge      Conj/Air       ######..     0%          3    None
y - Conjure Ball Lightni  Conj/Air       ######....   1%          6    ####...

Your spell library contained the following spells:

 Spells                   Type           Power        Failure   Level  Hunger
 Ignition                 Fire           #####.....   78%         8    #######
 Fire Storm               Conj/Fire      ######....   95%         9    #######
 Confusing Touch          Hex            ####..       1%          1    None
 Confuse                  Hex            ####....     1%          3    None
 Force Lance              Conj/Tloc      #####...     1%          4    None
 Gell's Gravitas          Tloc           ###.......   3%          3    None
 Yara's Violent Unravell  Hex/Tmut       ####......   4%          5    None
 Petrify                  Tmut/Erth      ###.....     10%         4    None
 Metabolic Englaciation   Hex/Ice        ####......   14%         5    None


Dungeon Overview and Level Annotations

Branches:
Dungeon (1/1)

Altars:
Dithmenos
Elyvilon
Fedhas
Kikubaaqudgha
Okawaru
Qazlal
Ru
Sif Muna
Trog
Uskayaw
Vehumet
Wu Jian
Yredelemnul
Zin
The Shining One
Beogh

Shops:
D [=!*[[}!}*?(%=::


Innate Abilities, Weirdness & Mutations

You can breathe wild blasts of lightning.
Your glossy black scales are hard. (AC +8)
You cannot fit into any form of body armour.
You are resistant to electric shocks. (rElec)
You are cold-blooded and may be slowed by cold attacks.
You are somewhat resistant to further mutation.


Message History

You slash the azure jelly!
Your tail-slap misses the azure jelly.
The azure jelly is severely wounded.
The azure jelly hits you. The azure jelly freezes you!!
* * * LOW HITPOINT WARNING * * *
The azure jelly hits you.
* * * LOW HITPOINT WARNING * * *
The azure jelly closely misses you.
Something barely misses your ball lightning.
Something hits your ball lightning!
Your ball lightning explodes!
The blast of lightning engulfs the azure jelly.
The azure jelly resists.
The azure jelly is heavily wounded.
The blast of lightning engulfs the azure jelly.
The azure jelly resists.
The azure jelly is almost dead.
The blast of lightning engulfs you. You resist.
* * * LOW HITPOINT WARNING * * *
The azure jelly completely misses you. The azure jelly hits you.
You die...

▓...'≈..≈§≈..≈♣♣....).♣♣♣≈
▓...#≈≈.§≈§≈≈≈♣♣.≈≈≈≈'♣♣'.
▓.P.#≈§≈§§§≈≈≈≈'....÷#.≈..
▓...#.≈§§.§≈≈≈......♣#..♣.
▓..(#≈§≈§≈≈≈≈≈.....♣♣###'♣
▓##'####+#######.♣♣♣♣♣♣♣.#
▓...............♣♣ ♣...##
▓#+#############'♣ ♣♣.##.
▓...#§§§J@J*.....♣ ♣..#.
▓...§§§§§J########♣♣ ♣♣.##
▓...#§§§§§§........♣ ♣♣.##
▓...#§§§§§§§.......♣ ♣....
#+#############†#### #####
#.♣♣ #♣.♣♣ #.[.♣♣######
#..†..#....#


You could see 3 azure jellies and a friendly ball lightning.

Vanquished Creatures
  the Lernaean hydra (D)
  Sigmund (D)
  Rupert (D)
  Gastronok (D)
  2 dire elephants (D)
  Erolcha (D)
  A hydra (D)
  A two-headed ogre (shapeshifter) (D)
  4 death yaks (D)
  3 orc high priests (D)
  Urug (D)
  2 deep elf knights (D)
  A death drake (D)
  A spriggan druid (D)
  2 swamp dragons (D)
  An orange crystal statue (D)
  A lindwurm (D)
  An orc sorcerer (D)
  4 deep elf magi (D)
  4 crystal guardians (D)
  2 elephants (D)
  2 black mambas (D)
  A torpor snail (shapeshifter) (D)
  Edmund (D)
  A rime drake (D)
  2 spiny frogs (D)
  A komodo dragon (D)
  3 wandering mushrooms (D)
  A queen bee (D)
  4 spriggan defenders (D)
  2 tyrant leeches (D)
  8 blink frogs (D)
  5 redbacks (D)
  A shadow (D)
  2 spriggans (D)
  A spatial vortex (D)
  3 swamp drakes (D)
  4 orc warriors (D)
  A necrophage (D)
  5 two-headed ogres (D)
  A water elemental (D)
  A scorpion (D)
  32 killer bees (D)
  3 orc priests (D)
  A jelly (D)
  Jessica (D)
  2 orc wizards (D)
  A necromancer (D)
  A wizard (D)
  3 humans (D)
  A kobold demonologist (D)
  An ooze (D)
  8 orcs (D)
  A goblin (D)
  2 rats (D)
  A fulminant prism (D)
  4 plants (D)
148 creatures vanquished.

Vanquished Creatures (others)
  2 draconian scorchers (D)
  Nessos (D)
  2 hydras (D)
  6 hellions (D)
  2 yaktaurs (D)
  77 ball lightnings (D)
  A snapping turtle (D)
  An electric eel (D)
  3 fulminant prisms (D)
  12 plants (D)
107 creatures vanquished.

Grand Total: 255 creatures vanquished

Notes
Turn   | Place    | Note
-------+----------+-------------------------------------------
     0 | D        | MikeHunt the Draconian Conjurer began the quest for the
                  | Orb.
     0 | D        | Reached XP level 1. HP: 14/14 MP: 3/3
    69 | D        | Killed a yaktaur
    93 | D        | Noticed Jessica
   100 | D        | Killed Jessica
   100 | D        | Reached skill level 5 in Spellcasting
   100 | D        | Reached skill level 5 in Conjurations
   100 | D        | Reached XP level 2. HP: 20/20 MP: 2/8
   100 | D        | Reached XP level 3. HP: 26/26 MP: 2/9
   119 | D        | Killed a hellion
   131 | D        | Killed a hellion
   159 | D        | Killed a hellion
   160 | D        | Killed a hellion
   160 | D        | Killed a hellion
   164 | D        | Learned a level 2 spell: Searing Ray
   165 | D        | Killed a hellion
   166 | D        | Killed a white draconian scorcher
   168 | D        | Learned a level 3 spell: Dazzling Spray
   179 | D        | Killed a white draconian scorcher
   180 | D        | Noticed a scorpion
   194 | D        | Killed a scorpion
   194 | D        | Reached XP level 4. HP: 33/33 MP: 4/11
   202 | D        | Killed a yaktaur
   236 | D        | Killed Nessos
   366 | D        | Learned a level 4 spell: Iskenderun's Mystic Blast
   401 | D        | Noticed a water elemental
   405 | D        | Killed a water elemental
   405 | D        | Reached XP level 5. HP: 33/38 MP: 0/14
   445 | D        | Learned a level 4 spell: Fulminant Prism
   503 | D        | Found a radiant altar of Vehumet.
   505 | D        | Found a deep blue altar of Sif Muna.
   509 | D        | Noticed a chaos spawn
   522 | D        | Noticed a rust devil
   527 | D        | Noticed a chaos spawn
   594 | D        | Found an ancient bone altar of Kikubaaqudgha.
   605 | D        | Became a worshipper of Vehumet
   663 | D        | Found a basalt altar of Yredelemnul.
   663 | D        | Found a shadowy altar of Dithmenos.
   663 | D        | Found a sacrificial altar of Ru.
   663 | D        | Noticed a necrophage
   666 | D        | Killed a necrophage
   666 | D        | Reached XP level 6. HP: 40/44 MP: 3/17
   838 | D        | Found a glowing silver altar of Zin.
   838 | D        | Found a glowing golden altar of the Shining One.
   838 | D        | Found a white marble altar of Elyvilon.
   838 | D        | Noticed a deep elf mage
   841 | D        | Killed a deep elf mage
   841 | D        | Reached * piety under Vehumet
   841 | D        | Offered knowledge of Freeze by Vehumet.
   841 | D        | Reached skill level 10 in Spellcasting
   841 | D        | Your scales start taking on a glossy black colour.
   841 | D        | Reached XP level 7. HP: 49/49 MP: 5/21
   841 | D        | Gained mutation: You are resistant to electric shocks.
                  | (rElec) [Black Draconian growth]
   934 | D        | Found a hide-covered altar of Uskayaw.
   934 | D        | Found a roughly hewn altar of Beogh.
   934 | D        | Found an iron altar of Okawaru.
   934 | D        | Found a bloodstained altar of Trog.
   934 | D        | Found an ornate altar of the Wu Jian Council.
   934 | D        | Noticed a human
   934 | D        | Noticed a human
   938 | D        | Killed a human
   941 | D        | Killed a human
  1049 | D        | Reached ** piety under Vehumet
  1049 | D        | Offered knowledge of Sandblast by Vehumet.
  1049 | D        | Reached XP level 8. HP: 66/66 MP: 17/22
  1081 | D        | Reached skill level 5 in Dodging
  1272 | D        | Offered knowledge of Ignite Poison by Vehumet.
  1272 | D        | Reached *** piety under Vehumet
  1331 | D        | Noticed a two-headed ogre
  1340 | D        | Killed a two-headed ogre
  1428 | D        | Noticed an orc high priest
  1446 | D        | Offered knowledge of Mephitic Cloud by Vehumet.
  1657 | D        | Reached **** piety under Vehumet
  1657 | D        | Offered knowledge of Static Discharge by Vehumet.
  1665 | D        | Learned a level 3 spell: Static Discharge
  1750 | D        | Found a blossoming altar of Fedhas.
  1751 | D        | Found a stormy altar of Qazlal.
  1885 | D        | Reached XP level 9. HP: 83/83 MP: 17/23
  1900 | D        | Noticed an orc high priest
  1907 | D        | Killed an orc high priest
  1907 | D        | Reached ***** piety under Vehumet
  1907 | D        | Offered knowledge of Lightning Bolt by Vehumet.
  2057 | D        | Reached skill level 10 in Air Magic
  2067 | D        | Killed an orc high priest
  2101 | D        | Learned a level 5 spell: Lightning Bolt
  2198 | D        | Found a roughly hewn altar of Beogh.
  2198 | D        | Noticed an orc sorcerer
  2209 | D        | Killed an orc sorcerer
  2294 | D        | Found Ydyph's General Store.
  2319 | D        | Bought a +0 pair of gloves for 49 gold pieces
  2319 | D        | Bought an uncursed ring of magical power for 220 gold
                  | pieces
  2349 | D        | Noticed a two-headed ogre
  2349 | D        | Noticed Erolcha
  2351 | D        | Killed a two-headed ogre
  2351 | D        | Reached XP level 10. HP: 91/91 MP: 22/25
  2356 | D        | Killed Erolcha
  2356 | D        | Offered knowledge of Conjure Ball Lightning by Vehumet.
  2385 | D        | Learned a level 6 spell: Conjure Ball Lightning
  2521 | D        | Noticed a spiny frog
  2521 | D        | Noticed a spiny frog
  2557 | D        | Killed a spiny frog
  2558 | D        | Killed a spiny frog
  2564 | D        | Reached ****** piety under Vehumet
  2564 | D        | Offered knowledge of Iskenderun's Battlesphere by Vehumet.
  2565 | D        | Noticed a lindwurm
  2570 | D        | Killed a lindwurm
  2636 | D        | Learned a level 5 spell: Iskenderun's Battlesphere
  2669 | D        | Killed a five-headed hydra
  2776 | D        | Killed a six-headed hydra
  2819 | D        | Reached skill level 1 in Charms
  2843 | D        | Reached XP level 11. HP: 63/97 MP: 11/28
  2987 | D        | Noticed Urug
  3023 | D        | Noticed Sigmund
  3024 | D        | Noticed Edmund
  3029 | D        | Killed Sigmund
  3029 | D        | Reached skill level 5 in Stealth
  3029 | D        | Reached skill level 5 in Charms
  3035 | D        | Killed Edmund
  3362 | D        | Offered knowledge of Fireball by Vehumet.
  3536 | D        | Killed Urug
  3545 | D        | Learned a level 5 spell: Fireball
  3832 | D        | Reached skill level 1 in Fire Magic
  3834 | D        | Offered knowledge of Iron Shot by Vehumet.
  4049 | D        | Offered knowledge of Ozocubu's Refrigeration by Vehumet.
  4056 | D        | Reached skill level 5 in Fire Magic
  4347 | D        | Noticed a deep elf mage
  4347 | D        | Noticed a deep elf knight
  4347 | D        | Noticed a deep elf knight
  4347 | D        | Noticed a deep elf mage
  4347 | D        | Noticed a deep elf mage
  4351 | D        | Killed a deep elf knight
  4351 | D        | Offered knowledge of Orb of Destruction by Vehumet.
  4351 | D        | Reached skill level 15 in Spellcasting
  4351 | D        | Reached XP level 12. HP: 110/110 MP: 25/31
  4358 | D        | Noticed a deep elf demonologist
  4361 | D        | Noticed a deep elf annihilator
  4631 | D        | Found a blossoming altar of Fedhas.
  4643 | D        | Offered knowledge of Fire Storm by Vehumet.
  4643 | D        | Offered knowledge of Tornado by Vehumet.
  4643 | D        | Offered knowledge of Ignition by Vehumet.
  4650 | D        | Noticed a death yak
  4739 | D        | Killed a death yak
  4821 | D        | Noticed a dire elephant
  4829 | D        | Killed a dire elephant
  4834 | D        | Noticed Rupert
  4834 | D        | Noticed Gastronok
  4841 | D        | Killed Rupert
  5134 | D        | Noticed a dire elephant
  5150 | D        | Killed a dire elephant
  5200 | D        | Killed Gastronok
  5200 | D        | Reached skill level 15 in Air Magic
  5282 | D        | Learned a level 9 spell: Tornado
  5310 | D        | Noticed an azure jelly
  5311 | D        | Noticed an azure jelly
  5311 | D        | Noticed an azure jelly
  5313 | D        | Noticed an azure jelly
  5327 | D        | Noticed a death yak
  5328 | D        | Noticed a death yak
  5331 | D        | Noticed a death yak
  5333 | D        | Killed a death yak
  5336 | D        | Killed a death yak
  5340 | D        | Killed a death yak
  5340 | D        | Reached XP level 13. HP: 62/115 MP: 36/36
  5584 | D        | Found Noimm's General Store.
  5584 | D        | Found Ugoqom's Antique Weapon Shop.
  5584 | D        | Found Zoconox's Book Shoppe.
  5584 | D        | Found Koryonav's Gadget Boutique.
  5584 | D        | Found Zinti's Magic Scroll Emporium.
  5584 | D        | Found Purothroi's Book Shop.
  5584 | D        | Found Ajuuvogask's Jewellery Emporium.
  5584 | D        | Found Kywied's Food Boutique.
  5585 | D        | Found Duemnuka's Distillery.
  5585 | D        | Found Rurubu's Gadget Shoppe.
  5585 | D        | Found Mosiara's Antique Armour Shop.
  5585 | D        | Found Jidurch's Armour Emporium.
  5619 | D        | Bought a scroll of identify for 26 gold pieces
  5621 | D        | Gained mutation: You are robust. (+10% HP) [potion of
                  | mutation]
  5621 | D        | Lost mutation: You are robust. (+10% HP) [potion of
                  | mutation]
  5621 | D        | Gained mutation: You are somewhat resistant to further
                  | mutation. [potion of mutation]
  5628 | D        | Bought an embroidered cloak for 180 gold pieces
  5641 | D        | Bought a cursed ring of wizardry for 324 gold pieces
  5641 | D        | Bought an uncursed amulet of magic regeneration for 360
                  | gold pieces
  6408 | D        | Noticed the 27-headed Lernaean hydra
  6418 | D        | Killed the 27-headed Lernaean hydra
  6472 | D        | Found Cigolex's Antique Armour Shoppe.
  6472 | D        | Found Doetuutz's Jewellery Boutique.
  6472 | D        | Found Buekio's Distillery.
  6481 | D        | Got a decaying rune of Zot
  6528 | D        | HP: 4/115 [azure jelly (34)]
  6528 | D        | HP: 1/115 [ball lightning[the player character] (2)]
  6528 | D        | Slain by an azure jelly

Levels and vault maps discovered:
D:        dungeon_sprint_mu [sprint_mu_entry_forest, sprint_mu_temple_rooms,
          sprint_mu_d1_spiders, sprint_mu_d2_genie, sprint_mu_d3_branching,
          sprint_mu_orc_legion, sprint_mu_elf_gauntlet, sprint_mu_hive_nellie,
          sprint_mu_lair_fedhas, sprint_mu_vaults_butterflies,
          sprint_mu_slime_circle, sprint_mu_swamp_cave, sprint_mu_shoals_kraken,
          sprint_mu_blade_basic, sprint_mu_crypt_lich, sprint_mu_tomb_spiral,
          sprint_mu_vestibule_basic, sprint_mu_gehenna_hellfire,
          sprint_mu_dis_giant, sprint_mu_tartarus_statrot,
          sprint_mu_cocytus_islands, sprint_mu_zot1]

Skill      XL: |  1  2  3  4  5  6  7  8  9 10 11 12 13 |
---------------+----------------------------------------+-----
Spellcasting   | 5 7 8 10 11 13 15 19 20 | 20.2
Conjurations   | 5 6 7 9 11 12 14 | 14.7
Hexes          | 2 3 |  3.0
Fighting       | 4 9 11 | 11.2
Dodging        | 4 7 8 9 |  9.7
Air Magic      | 3 11 14 15 20 | 20.0
Charms         | 1 5 |  5.4
Stealth        | 6 |  6.0
Fire Magic     | 5 |  5.4

Action                   |  1- 3 |  4- 6 |  7- 9 | 10-12 | 13-15 || total
-------------------------+-------+-------+-------+-------+-------++-------
Melee: Unarmed           |     1 |       |       |       |       ||     1
       Dagger            |       |     5 |       |       |       ||     5
       Long sword        |       |       |       |     7 |    17 ||    24
       Tailslap          |       |       |       |     3 |     4 ||     7
 Cast: Magic Dart        |    11 |     8 |    31 |    31 |     4 ||    85
       Searing Ray       |     1 |     1 |     6 |     7 |       ||    15
       Iskenderun's Myst |       |    11 |    34 |     7 |    25 ||    77
       Dazzling Spray    |       |     1 |       |     1 |       ||     2
       Fulminant Prism   |       |     1 |     3 |       |       ||     4
       Lightning Bolt    |       |       |     4 |    18 |     9 ||    31
       Static Discharge  |       |       |     1 |    19 |     9 ||    29
       Conjure Ball Ligh |       |       |       |    29 |     7 ||    36
       Iskenderun's Batt |       |       |       |     4 |     7 ||    11
       Fireball          |       |       |       |    24 |     7 ||    31
       Tornado           |       |       |       |       |     1 ||     1
 Abil: Breathe Lightning |       |       |     5 |     6 |       ||    11
  Use: Potion            |       |     4 |     1 |     1 |     1 ||     7
       Scroll            |       |       |       |       |     2 ||     2
  Eat: Chunk             |       |     1 |     7 |    11 |     1 ||    20
       Ration            |       |       |     1 |     3 |     1 ||     5
Armor: Skin              |     1 |     8 |     1 |    10 |    14 ||    34
Dodge: Dodged            |       |     9 |    18 |    62 |    28 ||   117
       Rpst.: Long sword |       |       |     3 |    18 |     5 ||    26

Table legend:
 A = Non-vault XP
 B = Vault XP
 C = Vault XP percentage of total XP
 D = Non-vault monster count
 E = Vault monster count
 F = Vault count percentage of total count
                 A         B        C        D         E       F
            +---------+---------+-------+---------+---------+-------
      Total |       0 |   52855 | 100.0 |       0 |     143 | 100.0
            +---------+---------+-------+---------+---------+-------
          D |       0 |   52855 | 100.0 |       0 |     143 | 100.0
            +---------+---------+-------+---------+---------+-------
